Map: Romanticide LE

Players

Nordres - Winner!

  • Race: Zerg Zerg
  • League: Master
  • Spawn Location: 5:00

ZOO

  • Race: Terran Terran
  • League: Master
  • Spawn Location: 11:00

VOD

Have the link to the VOD?

Description

Time

  • Played on: Dec. 4, 2020, 6:18 p.m.
  • Length: 5:35
Show
View Real Time Build Order
Export as new Build Order

Nordres Zerg - Winner!

Build Orders: Hatch First, Ravager All-In 

Get SALT Encoding   

  12  0:00  Drone  
  13  0:12  Overlord  
  13  0:17  Drone  
  14  0:30  Drone x2  
  16  0:49  Hatchery  
  15  0:52  Drone  
  15  0:56  Drone  
  17  0:59  Drone  
  18  1:09  Extractor  
  17  1:15  Spawning Pool  
  17  1:17  Drone  
  17  1:20  Drone  
  18  1:28  Drone  
  19  1:38  Drone  
  20  1:50  Overlord  
  20  2:04  Queen, Roach Warren  
  21  2:14  Drone, Extractor  
  21  2:19  Overlord  
  21  2:44  Roach  
  21  2:45  Roach x2  
  21  2:47  Roach x2  
  21  2:48  Roach  
  33  3:06  Drone  
  34  3:23  Roach x2  
  38  3:32  Ravager x2  
  38  3:33  Overlord  
  38  3:43  Hatchery  
  37  3:54  Roach x3  
  43  4:22  Ravager x3  
  43  4:23  Overlord x2  
  41  4:56  Roach x7  
Show
View Real Time Build Order
Export as new Build Order

ZOO Terran 

Build Orders:  

Get SALT Encoding   

  12  0:00  SCV  
  13  0:12  SCV  
  14  0:18  Supply Depot  
  14  0:27  SCV  
  15  0:45  Barracks  
  15  0:52  Barracks  
  15  0:55  SCV  
  16  1:07  SCV  
  17  1:11  Refinery  
  17  1:19  SCV  
  18  1:31  Marine, SCV  
  20  1:37  Bunker  
  20  1:39  Marine  
  20  1:45  Orbital Command  
  21  1:50  Bunker  
  21  1:54  Marine  
  22  2:06  Supply Depot  
  22  2:11  Bunker  
  22  2:17  Marine  
  23  2:27  Marine  
  23  2:28  SCV  
  23  2:29  Refinery  
  25  2:35  Marine  
  26  2:40  Supply Depot  
  26  2:46  SCV  
  27  2:57  Factory  
  27  2:58  SCV  
  28  3:10  SCV  
  25  3:16  Marine x2  
  27  3:37  Bunker  
  27  3:42  Factory Tech Lab, SCV  
  27  3:45  Bunker  
  25  3:59  SCV  
  25  4:01  Cyclone  
  29  4:13  SCV  
  30  4:25  Supply Depot, SCV  
  30  4:29  Supply Depot  
  31  4:31  Command Center  
  30  4:49  Siege Tank  
  28  4:59  SCV  
  13  5:15  SCV  
Tags
 
Add a new tag
Caveats
  • Supply blocks, unpowered buildings, or Contaminate may cause inaccurate times.
  • Supply counts are checked every 10 seconds.